 Dungeon Crawl Stone Soup version 0.22.0-5-gf09313c (webtiles) character file.

11147 inmateoo the Impaler (level 11, -8/90 HPs)
             Began as a Merfolk Gladiator on Aug 13, 2018.
             Was an Initiate of Gozag.
             Splashed by Joseph's acid (12 damage)
             ... on level 10 of the Dungeon.
             The game lasted 00:13:49 (12117 turns).

inmateoo the Impaler (Merfolk Gladiator)           Turns: 12117, Time: 00:13:50

Health: -8/90      AC:  6    Str: 17    XL:     11   Next: 73%
Magic:  20/20      EV: 10    Int:  9    God:    Gozag
Gold:   1377       SH:  7    Dex: 15    Spells: 10/10 levels left

rFire    . . .     SeeInvis .   s - +5 spear (venom)
rCold    + . .     Gourm    .   t - +0 shield
rNeg     . . .     Faith    .   z - +1 chain mail {rC+}
rPois    +         Spirit   .   c - +0 helmet
rElec    .         Reflect  .   w - +0 cloak
rCorr    .         Harm     .   (no gloves)
MR       .....                  v - +0 pair of boots
Stlth    ..........             (no amulet)
HPRegen  0.25/turn              g - ring of poison resistance
MPRegen  0.17/turn              i - ring of magical power

@: corroded
A: change form in water, swift swim, stealthy swim
a: Potion Petition, Call Merchant, Bribe Branch, Renounce Religion


You were on level 10 of the Dungeon.
You worshipped Gozag.
Gozag was most pleased with you.
You were not hungry.

You visited 1 branch of the dungeon, and saw 10 of its levels.

You collected 1485 gold pieces.
You spent 66 gold pieces at shops.
You paid 42 gold pieces to Gozag.

Inventory:

Hand Weapons
 a - a +1 trident
 s - a +5 spear of venom (weapon)
Missiles
 d - 3 throwing nets (quivered)
Armour
 b - the +0 leather armour of Bitterness {Regen+ Str+4 Int+7 Dex-3}
   (You found it on level 8 of the Dungeon)

   It affects your strength (+4).
   It affects your intelligence (+7).
   It affects your dexterity (-3).
   It increases your rate of regeneration.
 c - a +0 helmet (worn)
 t - a +0 shield (worn)
 v - a +0 pair of boots (worn)
 w - a +0 cloak (worn)
 z - a +1 chain mail of cold resistance (worn)
Jewellery
 g - a ring of poison resistance (left hand)
 i - a ring of magical power (right hand)
 r - an uncursed ring of magical power
Wands
 h - a wand of flame (34)
 o - a wand of acid (5)
 x - a wand of enslavement (12)
Scrolls
 e - 2 scrolls of identify
 j - 3 scrolls of remove curse
 l - 3 scrolls of enchant weapon
 m - 2 scrolls of amnesia
Potions
 k - 2 potions of might
 n - a potion of resistance {unknown}
 p - a potion of heal wounds {unknown}
 q - a potion of curing
 u - a potion of mutation
Comestibles
 f - 14 rations


   Skills:
 + Level 9.6 Fighting
 * Level 16.4 Polearms
 - Level 2.0 Throwing
 + Level 4.8 Armour
 + Level 11.6 Dodging
 + Level 0.5 Shields


You had 10 spell levels left.
You didn't know any spells.
Your spell library was empty.

Dungeon Overview and Level Annotations

Branches:
Dungeon (10/15)            Temple (0/1) D:5
   Lair: D:8-11         Orc: D:9-12

Altars:
Gozag
Trog

Shops:
D:9 ?

Annotations:
D:3 Dowan, Duvessa
D:10 Joseph


Message History

You reach to attack!
Your shield and chain mail prevent you from hitting Joseph.
Attack whom?
Press: ? - help, Dir - move target cursor, f/p - Joseph
Aim: Joseph, wielding a hunting sling, wearing a runed leather armour and carrying a wand of acid (5)
You reach to attack!
You hit Joseph.
Joseph is poisoned.
Joseph is lightly wounded.
Joseph shoots a sling bullet.
The sling bullet hits you!
Unknown command.
Joseph zaps a wand.
The bolt of acid hits you! The acid corrodes you!
You are splashed with acid!
The acid burns!
You see here a sling bullet.
Joseph shoots a sling bullet.
The sling bullet hits you!
* * * LOW HITPOINT WARNING * * *
You see here a sling bullet.
Joseph zaps a wand.
The bolt of acid hits you!
* * * LOW HITPOINT WARNING * * *
The acid corrodes you!
You are splashed with acid!
The acid burns!
You die...
Your body crumbles into a pile of gold.

#Z .... #. #..# .. #..# . #.
#####..# .. #. #......#
#.#?##.###### #.###.##
...........(# ##.###.#
#.......((###..(##.######
.......###.@.(..#.........(#
#.#.### #(####......#####.#
# #(# ##.......# #(#
#...).#.### ........#
##..<.....#
......@.#######.#.###.###
..###.............# #.... .#
#...#########.###.### ..
##...# #.....#


You could see Joseph.

Vanquished Creatures
  Erica (D:9)
  A two-headed ogre (D:8)
  Urug (D:10)
  A wizard (D:10)
  An orc knight (D:9)
  Maurice (D:9)
  A hornet (D:9)
  A hippogriff (D:8)
  Sigmund (D:2)
  A wyvern (D:9)
  21 yaks
  A wraith (D:10)
  3 hogs (D:8)
  A hungry ghost (D:10)
  A human (D:8)
  A black bear (D:4)
  3 ice beasts
  An orc warrior (D:8)
  3 sky beasts (D:8)
  A phantom (D:8)
  5 ogres
  3 centaurs
  A hornet zombie (D:9)
  3 bullfrogs
  A gnoll sergeant (D:5)
  2 scorpions
  A wyvern skeleton (D:7)
  3 wights (D:9)
  2 howler monkeys (D:4)
  3 crimson imps
  A quasit (D:9)
  4 hounds
  6 orc priests
  An orc wizard (D:9)
  A centaur skeleton (D:9)
  3 bullfrog skeletons
  4 iguanas
  Ijyb (D:3)
  7 worker ants
  Terence (D:3)
  A killer bee zombie (D:8)
  A hound zombie (D:8)
  A hound skeleton (D:7)
  2 worker ant zombies
  11 adders
  5 gnolls
  A shadow imp (D:9)
  An ooze (D:1)
  2 adder skeletons
  2 worms
  3 dart slugs (D:2)
  4 leopard geckos
  27 orcs
  2 ball pythons
  4 giant cockroaches
  6 goblins
  3 hobgoblins
  12 jackals
  10 kobolds
  A quokka (D:3)
  9 bats
  2 frilled lizards
  A jackal skeleton (D:4)
  2 leopard gecko skeletons
  A quokka zombie (D:7)
  7 rats
220 creatures vanquished.

Notes
Turn   | Place    | Note
-------+----------+-------------------------------------------
     0 | D:1      | inmateoo the Merfolk Gladiator began the quest for the Orb.
     0 | D:1      | Reached XP level 1. HP: 16/16 MP: 1/1
    50 | D:1      | Reached XP level 2. HP: 23/23 MP: 2/2
   274 | D:1      | Reached skill level 5 in Polearms
   599 | D:1      | Reached XP level 3. HP: 28/28 MP: 3/3
   911 | D:2      | Noticed Sigmund
   925 | D:3      | Noticed Ijyb
   960 | D:3      | Killed Ijyb
   960 | D:3      | Reached XP level 4. HP: 34/35 MP: 4/4
  1035 | D:3      | Reached skill level 6 in Polearms
  1308 | D:3      | Noticed Terence
  1353 | D:2      | Reached skill level 5 in Dodging
  1363 | D:2      | Reached XP level 5. HP: 17/41 MP: 5/5
  1844 | D:2      | Killed Sigmund
  1844 | D:2      | Reached skill level 7 in Polearms
  1844 | D:2      | Reached XP level 6. HP: 44/48 MP: 6/6
  1881 | D:2      | Reached skill level 8 in Polearms
  2102 | D:3      | Killed Terence
  2249 | D:3      | Reached XP level 7. HP: 55/55 MP: 7/7
  2517 | D:4      | Noticed Duvessa
  2517 | D:4      | Noticed Dowan
  3123 | D:4      | Reached skill level 9 in Polearms
  3136 | D:4      | Reached skill level 5 in Fighting
  3962 | D:4      | Reached XP level 8. HP: 51/62 MP: 8/8
  4103 | D:4      | Reached skill level 10 in Polearms
  4141 | D:5      | Entered Level 5 of the Dungeon
  4682 | D:5      | Found an opulent altar of Gozag.
  4693 | D:5      | Became a worshipper of Gozag Ym Sagoz the Greedy
  4847 | D:5      | Found a bloodstained altar of Trog.
  5051 | D:5      | Found a staircase to the Ecumenical Temple.
  5505 | D:6      | Reached skill level 11 in Polearms
  6810 | D:7      | Reached XP level 9. HP: 61/71 MP: 9/9
  7040 | D:7      | Reached skill level 12 in Polearms
  7161 | D:7      | Reached skill level 1 in Armour
  7841 | D:8      | Reached skill level 13 in Polearms
  8041 | D:8      | Got a fine leather armour
  8052 | D:8      | Identified the cursed +0 leather armour of Bitterness {Regen+ Str+4 Int+7 Dex-3} (You found it on level 8 of the Dungeon)
  8149 | D:8      | Noticed a two-headed ogre
  8172 | D:8      | Killed a two-headed ogre
  8172 | D:8      | Reached XP level 10. HP: 44/80 MP: 10/10
  8581 | D:9      | Noticed Maurice
  8590 | D:8      | Reached skill level 14 in Polearms
  8590 | D:8      | Reached skill level 10 in Dodging
  8834 | D:9      | Noticed Erica
  9360 | D:9      | Killed Erica
  9483 | D:9      | Found Qiuli's Magic Scroll Shoppe.
  9488 | D:9      | Bought a scroll of teleportation for 33 gold pieces
  9488 | D:9      | Bought a scroll of teleportation for 33 gold pieces
  9550 | D:9      | Reached skill level 15 in Polearms
  9655 | D:9      | Reached XP level 11. HP: 76/87 MP: 11/11
 10879 | D:9      | Killed Maurice
 10967 | D:9      | Reached skill level 16 in Polearms
 11032 | D:10     | Entered Level 10 of the Dungeon
 11101 | D:10     | Noticed Urug
 11105 | D:10     | Noticed a wizard
 11128 | D:10     | Killed a wizard
 11149 | D:10     | Killed Urug
 11507 | D:10     | Noticed an orc knight
 11508 | D:10     | Noticed Joseph
 11928 | D:9      | Killed an orc knight
 12117 | D:10     | HP: 4/90 [Joseph/wand of acid (4) (20)]
 12117 | D:10     | Splashed by Joseph's acid

Skill      XL: |  1  2  3  4  5  6  7  8  9 10 11 |
---------------+----------------------------------+-----
Polearms       | 5 6 7 8 9 11 13 15 16 | 16.4
Fighting       | 3 4 5 6 7 8 9 |  9.6
Dodging        | 5 6 7 8 9 10 11 | 11.6
Armour         | 2 3 4 |  4.8
Throwing       | |  2.0
Shields        | |  0.5

Action                   |  1- 3 |  4- 6 |  7- 9 | 10-12 || total
-------------------------+-------+-------+-------+-------++-------
Melee: Trident           |   109 |   201 |   332 |       ||   642
       Unarmed           |    24 |       |       |       ||    24
       Spear             |       |       |   150 |   424 ||   574
Invok: Potion Petition   |       |       |     1 |       ||     1
Evoke: Wand              |       |       |     1 |     7 ||     8
  Use: Scroll            |     6 |     3 |     5 |     7 ||    21
       Potion            |       |       |     2 |       ||     2
 Stab: Sleeping          |     2 |     1 |     2 |       ||     5
       Distracted        |       |     1 |       |     1 ||     2
       Invisible         |       |       |     1 |       ||     1
  Eat: Chunk             |       |     5 |     7 |       ||    12
       Ration            |       |       |     4 |     4 ||     8
Armor: Leather armour    |    22 |    35 |    37 |       ||    94
       Scale mail        |       |       |    14 |    56 ||    70
       Chain mail        |       |       |       |     2 ||     2
Dodge: Dodged            |    71 |   105 |   216 |   133 ||   525
Block: Buckler           |       |       |       |     2 ||     2
